 Dungeon Crawl Stone Soup version 0.29-a0-813-g4a14ea37d6 (webtiles) character file.

Game seed: 7174576585385150472

254 indigestion the Firebug (level 6, -2/41 HPs)
             Began as a Human Fire Elementalist on July 5, 2022.
             Blown up by a gnoll bouda (8 damage)
             ... with a mindburst bolt
             ... on level 5 of the Dungeon.
             The game lasted 00:15:50 (4459 turns).

indigestion the Firebug (Human Fire Elementalist)   Turns: 4459, Time: 00:15:51

Health: -2/41      AC:  3    Str:  9    XL:     6   Next: 38%
Magic:  7/11       EV: 12    Int: 17    God:
Gold:   153        SH:  0    Dex: 13    Spells: 5/11 levels left

rFire   + . .      SeeInvis .   m - staff of fire
rCold   . . .      Faith    .   (no shield)
rNeg    . . .      Spirit   .   v - +0 robe
rPois   +          Reflect  .   (no helmet)
rElec   .          Harm     .   u - scarf {repulsion}
rCorr   .          Rampage  .   q - +0 pair of gloves
Will    .....                   (no boots)
Stlth   ++........              (no amulet)
HPRegen 0.13/turn               k - ring of poison resistance
MPRegen 0.12/turn               (no ring)

@: weakened, very slightly contaminated, repel missiles
A: no striking features
a: no special abilities


You were on level 5 of the Dungeon.
You visited 1 branch of the dungeon, and saw 5 of its levels.

You collected 153 gold pieces.

Inventory:

Hand Weapons
 a - a +1 short sword of protection
 e - a +0 dagger
 n - a +2 short sword of venom
 p - a +1 dagger of speed
Missiles
 s - 2 throwing nets
Armour
 i - the +0 chain mail of Aduucses {Str+3}
   (You found it on level 2 of the Dungeon)

   Str:       It affects your strength (+3).
 q - a +0 pair of gloves (worn)
 r - a +0 leather armour
 u - a scarf of repulsion (worn)
 v - a +0 robe (worn)
Magical Staves
 m - a staff of fire (weapon)
Jewellery
 k - a ring of poison resistance (left hand)
 t - a ring of resist corrosion
Wands
 g - a wand of roots (2)
Scrolls
 d - a scroll of noise {unknown}
 j - 4 scrolls of identify {unknown}
 o - a scroll of blinking {unknown}
Potions
 b - a potion of magic
 c - a potion of invisibility
 f - 2 potions of curing {unknown}
 l - a potion of attraction {unknown}
 x - a potion of resistance {unknown}


   Skills:
 - Level 2.5 Dodging
 - Level 2.6 Stealth
 + Level 3.4 Spellcasting
 - Level 2.8 Conjurations
 * Level 1.2 Hexes
 + Level 4.2 Fire Magic


You had 5 spell levels left.
You knew the following spells:

 Your Spells              Type           Power      Damage    Failure   Level
a - Foxfire               Conj/Fire      88%        2x1d8     3%          1
b - Scorch                Fire           52%        2d8       4%          2
c - Inner Flame           Hex/Fire       18%        N/A       16%         3

Your spell library contained the following spells:

 Spells                   Type           Power      Damage    Failure   Level
 Conjure Flame            Conj/Fire      22%        6-21      12%         3
 Sandblast                Erth           4%         2d4       17%         1
 Passwall                 Tmut/Erth      1%         N/A       26%         2
 Stone Arrow              Conj/Erth      14%        3d7       28%         3
 Flame Wave               Conj/Fire      22%        2d7       36%         4


Dungeon Overview and Level Annotations

Branches:
Dungeon (5/15)
 Temple: D:4-7

Altars:
Fedhas
Ru
Vehumet

Annotations:
D:4 Dowan, Duvessa
D:5 2 transporters


Message History

You barely miss the iguana.
The iguana is heavily wounded.
The iguana is no longer more vulnerable to fire.
The iguana bites you!
Casting: Foxfire (safe; 4% risk of failure)
Confirm with . or Enter, or press ? or * to list all spells.
You feel a surge of power!
You conjure some foxfire!
The iguana bites you!
You hit the iguana but do no damage.
The iguana is heavily wounded.
The foxfire hits the iguana but does no damage.
The iguana is heavily wounded.
The foxfire hits the iguana.
The iguana is severely wounded.
The iguana barely misses you.
Casting: Foxfire (safe; 4% risk of failure)
Confirm with . or Enter, or press ? or * to list all spells.
You feel a surge of power!
You conjure some foxfire!
The iguana bites you.
You are too injured to fight recklessly!
You are too injured to fight recklessly!
Unknown command.
The foxfire hits the iguana.
The iguana is almost dead.
The foxfire hits the iguana.
You kill the iguana!
Your Hexes skill increases to level 1!
You start resting.
A gnoll bouda opens the door.
It is wielding a +0 club and carrying a wand of mindburst (7).
A gnoll bouda is nearby!
Casting: Foxfire (safe; 3% risk of failure)
Confirm with . or Enter, or press ? or * to list all spells.
You feel a surge of power!
You miscast Foxfire.
You are very lightly contaminated with residual magic.
Nothing appears to happen.
The gnoll bouda gazes fiercely through you!
You feel your attacks grow feeble.
The gnoll bouda zaps a wand.
Your mind is blasted!
* * * LOW HITPOINT WARNING * * *
The gnoll bouda zaps a wand.
You barely resist.
The gnoll bouda zaps a wand.
Your mind is blasted!
You die...

#.....#.....#...#######
#....g#.....#....≈≈8≈≈.
###'##'##+###.....≈≈≈..
###g##'#..# #..........
#.........# #.<........
#.........# #..........
#.........# #...#######
#.........# #...#
#.$.†.@...# #...#
#.........# #...#
+.........# #....
#.........# #####
#.........# #.........#
######+##.# .#


You could see a gnoll bouda and a gnoll (wandering).

Vanquished Creatures
  A necrophage (D:4)
  2 jellies
  An iguana (D:5)
  An orc wizard (D:4)
  An adder (D:2)
  4 worms
  4 dart slugs
  2 orcs (D:4)
  3 endoplasms (D:2)
  2 giant cockroaches (D:4)
  2 goblins
  4 hobgoblins
  2 jackals (D:2)
  8 kobolds
  3 quokkas (D:2)
  7 ball pythons
  5 bats
  2 frilled lizards
  7 rats
61 creatures vanquished.

Vanquished Creatures (others)
  141 foxfires
141 creatures vanquished.

Grand Total: 202 creatures vanquished

Notes
Turn   | Place    | Note
-------+----------+-------------------------------------------
     0 | D:1      | indigestion the Human Fire Elementalist began the quest for
                  | the Orb.
     0 | D:1      | Reached XP level 1. HP: 13/13 MP: 3/3
    19 | D:1      | Found a faded altar of an unknown god.
   149 | D:1      | Reached XP level 2. HP: 19/19 MP: 3/5
  1111 | D:1      | Reached XP level 3. HP: 21/24 MP: 3/6
  1210 | D:2      | Identified the +0 chain mail of Aduucses {Str+3}
  1679 | D:2      | Reached XP level 4. HP: 21/30 MP: 3/7
  2138 | D:3      | Learned a level 2 spell: Scorch
  2142 | D:3      | Learned a level 3 spell: Inner Flame
  2162 | D:3      | Found a blossoming altar of Fedhas.
  2750 | D:3      | You fall into a shaft and drop 2 floors!
  2750 | D:5      | Entered Level 5 of the Dungeon
  2806 | D:5      | Found a transporter.
  2810 | D:5      | Found a transporter.
  2812 | D:5      | Noticed a troll
  2825 | D:5      | Noticed a bullfrog
  3366 | D:4      | Reached XP level 5. HP: 10/35 MP: 0/9
  3983 | D:4      | Reached skill level 4 in Fire Magic
  3983 | D:4      | Reached XP level 6. HP: 41/41 MP: 4/10
  4089 | D:4      | Found a radiant altar of Vehumet.
  4120 | D:4      | Noticed Dowan
  4124 | D:4      | Noticed Duvessa
  4143 | D:4      | HP: 1/41 [Duvessa/+0 rapier of protection (6)]
  4401 | D:5      | Found a sacrificial altar of Ru.
  4427 | D:5      | Reached skill level 1 in Hexes
  4459 | D:5      | Blown up by a gnoll bouda

Illustrated notes

Levels and vault maps discovered:
D:1:      scummos_arrival_forest, layout_basic,
          hellmonk_ecumenical_altar_blasted
D:2:      layout_rooms, chequers_serial_rivers_large_a
D:3:      layout_basic, fedhas_altar_1, chequers_avenue
D:4:      layout_loops_corners, nicolae_vehumet_radiance, uniq_robin,
          uniq_grinder, uniq_duvessa
D:5:      layout_basic, gammafunk_temple_overflow_arena, doesnt_xom_only_xom,
          mainiacjoe_overflow_24_doors, moated_statue, uniq_sigmund

Skill      XL: |  1  2  3  4  5  6 |
---------------+-------------------+-----
Conjurations   | 2 |  2.8
Spellcasting   | 3 |  3.4
Fire Magic     | 4 |  4.2
Hexes          | 1 |  1.2
Dodging        | |  2.5
Stealth        | |  2.6

Action                   |  1- 3 |  4- 6 || total
-------------------------+-------+-------++-------
Melee: Dagger            |    33 |       ||    33
       Staff             |     4 |    29 ||    33
 Cast: Foxfire           |    39 |    46 ||    85
       Scorch            |       |    13 ||    13
  Use: Scroll            |       |     3 ||     3
       Potion            |       |     2 ||     2
 Stab: Sleeping          |     2 |     2 ||     4
Armor: Robe              |    12 |     8 ||    20
Dodge: Dodged            |    30 |    17 ||    47
       Repelled          |       |     1 ||     1

Table legend: (Time is in decaauts)
 A = Elapsed time spent in this place.
 B = Non-inter-level travel time spent in this place.
 C = Inter-level travel time spent in this place.
 D = Time resting spent in this place.
 E = Time spent auto-exploring this place.
 F = Levels seen in this place.
 G = Mean time per level.
                   A        B        C        D        E       F      G
               +--------+--------+--------+--------+--------+-----+--------+
         Total |   4471 |   4397 |     74 |   1165 |   2493 |   5 |  894.2 |
       Dungeon |   4471 |   4397 |     74 |   1165 |   2493 |   5 |  894.2 |
               +--------+--------+--------+--------+--------+-----+--------+

Top non-repeatable levels by time:
     D:1: 1136 daAuts
     D:4: 1112 daAuts
     D:3: 1052 daAuts
     D:2: 890 daAuts
     D:5: 281 daAuts
